 Dungeon Sprint DCSS version 0.21-a0-414-gba8bdf1 (webtiles) character file.

277 Kidiri the Insei (level 6, -5/102 HPs)
             Began as a Draconian Transmuter on Nov 2, 2017.
             Slain by a human (7 damage)
             ... in the Dungeon (Sprint III: "The Ten Rune Challenge").
             The game lasted 00:02:24 (510 turns).

Kidiri the Insei (Draconian Transmuter)              Turns: 510, Time: 00:02:24

Health: -5/102     AC:  5    Str: 17    XL:     6   Next: 4%
Magic:  9/14       EV: 11    Int: 14    God:
Gold:   19         SH:  0    Dex: 13    Spells: 5/15 levels left

rFire    x . .     SeeInvis .     - Unarmed
rCold    + + +     Gourm    .   (shield currently unavailable)
rNeg     . . .     Faith    .   (armour unavailable)
rPois    +         Spirit   .   (helmet currently unavailable)
rElec    .         Reflect  .   (cloak currently unavailable)
rCorr    .         Harm     .   (gloves currently unavailable)
MR       .....     NoTele   +   (boots currently unavailable)
Stlth    ..........             (no amulet)
HPRegen  0.27/turn              (no ring)
MPRegen  0.14/turn              (no ring)

@: berserking, ice-form, very quick
A: unfitting armour, evolution 1, AC +6
a: End Transformation


You were in the Dungeon.
You were not hungry.
You were a creature of crystalline ice.
You visited 1 branch You collected 19 gold pieces.

Inventory:

Hand Weapons
 n - a +3 quarterstaff of chaos
Missiles
 a - 12 arrows
Armour
 m - a +0 cloak of invisibility (melded)
Wands
 k - a wand of digging (18/24)
Scrolls
 i - a scroll of blinking
 j - 3 scrolls of remove curse {unknown}
 o - a scroll of immolation {unknown}
 p - 4 scrolls of identify
 s - a scroll of torment {unknown}
Potions
 d - a potion of curing
 e - a potion of heal wounds
 f - 2 potions of haste
 g - 2 potions of magic
 r - a potion of flight {unknown}
 t - a potion of ambrosia {unknown}
 u - 4 potions of mutation
Books
 b - a book of Changes

   Spells                             Type                      Level
   a - Beastly Appendage              Transmutation                1
   b - Sticks to Snakes               Transmutation                2
   c - Spider Form                    Transmutation/Poison         3
   d - Ice Form                       Ice/Transmutation            4
   e - Blade Hands                    Transmutation                5
Comestibles
 c - a bread ration
 l - 5 chunks of flesh
 q - 2 royal jellies


   Skills:
 * Level 6.1 Fighting
 + Level 3.9 Dodging
 + Level 3.6 Stealth
 * Level 6.2 Unarmed Combat
 * Level 5.4 Spellcasting
 + Level 4.3 Transmutations
 + Level 2.6 Ice Magic
 + Level 2.9 Poison Magic


You had 5 spell levels left.
You knew the following spells:

 Your Spells              Type           Power        Failure   Level  Hunger
a - Beastly Appendage     Tmut           ###...       2%          1    None
b - Sticks to Snakes      Tmut           ###.....     4%          2    ##.....
c - Spider Form           Tmut/Pois      ##........   11%         3    ###....
d - Ice Form              Ice/Tmut       ##......     36%         4    ####...


Dungeon Overview and Level Annotations

Branches:
Dungeon (1/1)

Altars:
Okawaru
Trog
Uskayaw
Wu Jian
Beogh


Innate Abilities, Weirdness & Mutations

((Your plain brown scales are hard. (AC +6)))
You cannot fit into any form of body armour.
((You are cold-blooded and may be slowed by cold attacks.))
((You have large cloven feet.))
You evolve.


Message History

The human hits you with a hand axe of flaming!
* * * LOW HITPOINT WARNING * * *
The human melts you.
* * * LOW HITPOINT WARNING * * *
Some of the chunks of flesh in your inventory have rotted away.
You punch the human! You freeze the human.
You kill the human!
Your Fighting skill gained 2 levels and is now at level 6!
Your Stealth skill increases to level 3!
Your Unarmed Combat skill increases to level 6!
Your Spellcasting skill increases to level 5!
Your Transmutations skill increases to level 4!
Your Ice Magic skill increases to level 2!
You have reached level 6!
Your experience leads to an increase in your attributes!
Your base attributes are Str 12, Int 14, Dex 12.
Increase (S)trength, (I)ntelligence, or (D)exterity?
You feel agile.
Your scales feel tougher.
The human hits you!
You die...

▓▓ ▓▓▓ )#### ##.# #####
....#####..# #___#
.....#..#..# #p_.#
##...#..#..###+#Y###+##
###..##+#..#..........#
.##..###...'.⌠........#
##..####...#...######+#
##..###....#.⌠.#
#...##.....#...#
....#......#+###
..##.#.....#
..#####....#


You could see a human.

Vanquished Creatures
  A water elemental (D)
  Crazy Yiuf (D)
  Jessica (D)
  2 humans (D)
  2 oozes (D)
  A rat (D)
8 creatures vanquished.

Vanquished Creatures (others)
  2 draconian scorchers (D)
  6 hellions (D)
  2 yaktaurs (D)
  2 plants (D)
12 creatures vanquished.

Grand Total: 20 creatures vanquished

Notes
Turn   | Place    | Note
-------+----------+-------------------------------------------
     0 | D        | Kidiri the Draconian Transmuter began the quest for the Orb.
     0 | D        | Reached XP level 1. HP: 16/16 MP: 3/3
    16 | D        | Reached skill level 1 in Stealth
    16 | D        | Reached XP level 2. HP: 24/25 MP: 2/5
    45 | D        | Learned a level 2 spell: Sticks to Snakes
    53 | D        | Noticed Jessica
    64 | D        | Killed Jessica
    64 | D        | Reached XP level 3. HP: 10/31 MP: 4/7
    69 | D        | Learned a level 3 spell: Spider Form
   108 | D        | Killed a hellion
   110 | D        | Killed a hellion
   116 | D        | Killed a hellion
   119 | D        | Killed a hellion
   125 | D        | Killed a yaktaur
   131 | D        | Killed a hellion
   149 | D        | Killed a hellion
   164 | D        | Killed a white draconian scorcher
   246 | D        | Killed a white draconian scorcher
   288 | D        | Noticed Crazy Yiuf
   408 | D        | Killed Crazy Yiuf
   408 | D        | Reached skill level 1 in Poison Magic
   408 | D        | Reached XP level 4. HP: 38/40 MP: 6/10
   419 | D        | Killed a yaktaur
   447 | D        | Learned a level 4 spell: Ice Form
   451 | D        | Gained mutation: You evolve. [potion of mutation]
   451 | D        | Gained mutation: You have large cloven feet. [potion of mutation]
   490 | D        | Noticed a water elemental
   494 | D        | Killed a water elemental
   494 | D        | Reached skill level 5 in Unarmed Combat
   494 | D        | Reached skill level 1 in Ice Magic
   494 | D        | Reached XP level 5. HP: 45/47 MP: 6/11
   502 | D        | Found an ornate altar of the Wu Jian Council.
   502 | D        | Found an iron altar of Okawaru.
   503 | D        | Found a roughly hewn altar of Beogh.
   503 | D        | Found a bloodstained altar of Trog.
   503 | D        | Found a hide-covered altar of Uskayaw.
   503 | D        | Noticed a human
   503 | D        | Noticed a human
   509 | D        | HP: 1/84 [human/hand axe of flaming (6)]
   510 | D        | Killed a human
   510 | D        | Reached skill level 5 in Spellcasting
   510 | D        | Reached XP level 6. HP: 2/57 MP: 9/14
   510 | D        | Slain by a human

Vault maps used:
D:        dungeon_sprint_mu

Skill      XL: |  1  2  3  4  5 |
---------------+----------------+-----
Dodging        | 2 3 |  3.9
Fighting       | 2 3 4 6 |  6.1
Stealth        | 1 2 3 |  3.6
Unarmed Combat | 4 5 6 |  6.2
Spellcasting   | 3 4 5 |  5.4
Transmutations | 3 4 |  4.3
Poison Magic   | 1 2 |  2.9
Ice Magic      | 1 2 |  2.6

Action                   |  1- 3 |  4- 6 || total
-------------------------+-------+-------++-------
Melee: Unarmed           |    25 |    10 ||    35
       Kick              |     3 |       ||     3
       Tailslap          |     3 |       ||     3
 Cast: Beastly Appendage |     2 |       ||     2
       Spider Form       |     2 |       ||     2
       Ice Form          |       |     1 ||     1
  Use: Potion            |       |     2 ||     2
 Stab: Sleeping          |     1 |       ||     1
Armor: Skin              |     1 |       ||     1
Dodge: Dodged            |     8 |     3 ||    11

Table legend:
 A = Spawn XP
 B = Non-spawn XP
 C = Spawn XP percentage of total XP
 D = Spawn monster count
 E = Non-spawn monster count
 F = Spawn count percentage of total count
 G = Total turns spent on level
                    A         B        C        D         E        F      G
               +---------+---------+-------+---------+---------+-------+---------
         Total |       0 |     396 |   0.0 |       0 |       8 |   0.0 |   510
               +---------+---------+-------+---------+---------+-------+---------
             D |       0 |     396 |   0.0 |       0 |       8 |   0.0 |   510
               +---------+---------+-------+---------+---------+-------+---------
